Map: Ascension to Aiur LE

Players

AMSimpler

  • Race: Zerg Zerg
  • League: Diamond
  • Spawn Location: 5:00

FLORENCIO - Winner!

  • Race: Protoss Protoss
  • League: Diamond
  • Spawn Location: 11:00

VOD

Have the link to the VOD?

Description

Time

  • Played on: Dec. 30, 2017, 4:04 p.m.
  • Length: 12:59
Show
View Real Time Build Order
Export as new Build Order

AMSimpler Zerg 

Build Orders: Hatch First 

Get SALT Encoding   

  12  0:00  Drone  
  13  0:14  Overlord  
  13  0:17  Drone  
  14  0:32  Drone x2  
  16  0:37  Drone  
  17  0:52  Hatchery  
  17  0:57  Drone  
  17  0:59  Drone  
  18  1:11  Spawning Pool  
  18  1:15  Drone  
  18  1:17  Extractor  
  17  1:20  Drone  
  18  1:30  Drone  
  19  1:41  Overlord  
  19  1:58  Queen  
  19  2:00  Zergling x2  
  22  2:04  Queen  
  22  2:05  Zergling x2  
  22  2:07  Zergling x2  
  26  2:12  Zergling x2  
  27  2:15  Zergling x2  
  27  2:20  Metabolic Boost  
  28  2:24  Zergling x2  
  28  2:26  Zergling x2  
  29  2:35  Zergling x2  
  29  2:37  Zergling x2  
  26  2:49  Zergling x4  
  22  2:56  Zergling x2  
  20  2:59  Zergling x2  
  19  3:08  Zergling x2  
  19  3:10  Zergling x2  
  21  3:19  Zergling x2  
  20  3:28  Evolution Chamber  
  19  3:35  Zergling x2  
  19  3:36  Zergling x2  
  19  3:40  Zergling x2  
  22  3:43  Zergling x2  
  23  3:51  Zergling x2  
  23  3:59  Zergling x2  
  24  4:04  Zergling x2  
  24  4:12  Zergling x2  
  24  4:15  Zergling x2  
  26  4:20  Zergling x2  
  27  4:28  Zergling x2  
  28  4:42  Zergling x4  
  30  4:47  Zergling x2  
  29  5:08  Zergling x4  
  29  5:09  Zergling x2  
  30  5:17  Zergling x4  
  30  5:22  Zergling x2  
  31  5:37  Overlord  
  28  6:00  Drone  
  28  6:01  Drone x3  
  32  6:05  Drone  
  32  6:10  Drone  
  34  6:16  Drone  
  35  6:21  Drone  
  33  7:00  Spore Crawler  
  31  7:15  Drone x5  
  34  7:16  Drone  
  34  7:19  Overlord  
  34  7:21  Hatchery  
  35  7:57  Zergling x8  
  35  7:58  Zergling x4  
  37  8:15  Zergling x2  
  37  8:16  Queen  
  39  8:26  Zergling x2  
  39  8:27  Zergling x6  
  40  8:37  Drone  
  38  8:42  Roach Warren, Extractor  
  35  8:49  Drone x2  
  35  8:53  Queen  
  39  9:06  Spore Crawler  
  39  9:07  Zergling x2  
  39  9:08  Zergling x2, Spore Crawler  
  37  9:19  Queen  
  39  9:30  Drone x5  
  42  9:43  Roach  
  44  9:51  Roach  
  44  9:52  Roach  
  48  9:59  Roach  
  50  10:06  Roach  
  50  10:16  Roach  
  51  10:24  Roach  
  50  10:29  Ravager  
  50  10:31  Overlord x2  
  51  10:50  Roach x3  
  51  10:52  Ravager  
  58  11:03  Roach  
  59  11:13  Roach  
  59  11:15  Roach  
  61  11:23  Roach  
  63  11:30  Ravager x2  
  63  11:31  Ravager  
  62  11:33  Ravager  
  50  11:59  Ravager x2  
Show
View Real Time Build Order
Export as new Build Order

FLORENCIO Protoss - Winner!

Build Orders: Cannon Rush 

Get SALT Encoding   

  12  0:01  Probe  
  13  0:13  Probe  
  14  0:25  Probe (Chrono Boost)  
  14  0:26  Pylon  
  15  0:42  Probe (Chrono Boost)  
  15  0:46  Forge  
  16  0:54  Probe  
  17  1:06  Probe  
  17  1:11  Assimilator  
  18  1:16  Assimilator  
  18  1:18  Probe  
  19  1:20  Pylon  
  19  1:30  Probe  
  20  1:38  Gateway  
  20  1:41  Photon Cannon  
  20  1:47  Photon Cannon  
  20  1:56  Photon Cannon  
  20  2:00  Probe  
  21  2:06  Assimilator  
  21  2:12  Probe (Chrono Boost)  
  23  2:23  Pylon  
  23  2:24  Probe (Chrono Boost)  
  23  2:29  Photon Cannon  
  23  2:36  Pylon  
  23  2:50  Photon Cannon  
  23  3:10  Cybernetics Core  
  23  3:13  Pylon  
  23  3:14  Photon Cannon  
  23  3:22  Probe  
  24  3:39  Pylon  
  24  3:47  Shield Battery  
  24  3:49  Robotics Facility  
  24  4:03  Shield Battery  
  24  4:08  Shield Battery  
  24  4:14  Photon Cannon  
  24  4:30  Photon Cannon  
  24  4:34  Immortal (Chrono Boost)  
  28  4:43  Shield Battery  
  28  4:54  Photon Cannon  
  28  5:17  Shield Battery, Photon Cannon  
  28  5:21  Photon Cannon  
  28  5:32  Photon Cannon  
  27  5:47  Pylon  
  27  6:02  Warp Prism (Chrono Boost)  
  29  6:10  Robotics Bay  
  28  7:04  Colossus  
  28  7:05  Extended Thermal Lance  
  34  7:24  Pylon  
  34  7:27  Pylon  
  34  7:58  Colossus  
  33  8:49  Gateway  
  33  8:51  Colossus  
  39  8:57  Pylon  
  35  9:45  Colossus (Chrono Boost)  
  41  10:03  Cybernetics Core  
  41  10:05  Gateway  
  41  10:36  Immortal (Chrono Boost)  
  45  10:52  Stargate  
  45  10:55  Stargate  
  45  10:57  Stargate  
  45  10:59  Shield Battery  
  45  11:08  Immortal  
  49  11:40  Void Ray (Chrono Boost)  
  57  11:48  Void Ray (Chrono Boost)  
  55  12:12  Void Ray (Chrono Boost)  
Tags
 
Add a new tag
Caveats
  • Supply blocks, unpowered buildings, or Contaminate may cause inaccurate times.
  • Supply counts are checked every 10 seconds.